 Dungeon Crawl Stone Soup version 0.27-a0-385-g3208abaabc (webtiles) character file.

Game seed: 2589449921438645384

70 Chiseanne the Magician (level 4, 0/33 HPs)
             Began as a Demonspawn Wanderer on Feb 19, 2021.
             Killed from afar by an orc wizard (3 damage)
             ... with a magic dart
             ... on level 3 of the Dungeon.
             The game lasted 00:02:40 (2314 turns).

Chiseanne the Magician (Demonspawn Wanderer)        Turns: 2314, Time: 00:02:41

Health: 0/33       AC:  7    Str: 15    XL:     4   Next: 4%
Magic:  8/8        EV: 10    Int: 13    God:
Gold:   96         SH:  0    Dex: 11    Spells: 9/9 levels left

rFire    . . .     SeeInvis .   a - +0 mace
rCold    . . .     Faith    .   (no shield)
rNeg     . . .     Spirit   .   j - +0 scale mail
rPois    .         Reflect  .   (helmet restricted)
rElec    .         Harm     .   (no cloak)
rCorr    .         Rampage  .   f - +0 pair of gloves
Will     .....                  (no boots)
Stlth    ..........             (no amulet)
HPRegen  0.11/turn              (no ring)
MPRegen  0.11/turn              (no ring)

@: no status effects
A: horns 1
a: no special abilities


You were on level 3 of the Dungeon.
You visited 1 branch of the dungeon, and saw 3 of its levels.

You collected 96 gold pieces.

Inventory:

Hand Weapons
 a - a +0 mace (weapon)
Missiles
 h - 159 stones
 k - 18 poisoned darts
 l - 15 arrows
Armour
 f - a +0 pair of gloves (worn)
 j - a +0 scale mail (worn)
Jewellery
 d - a ring of see invisible {unknown}
 n - a ring of positive energy {unknown}
Wands
 b - a wand of paralysis (12) (quivered)
Scrolls
 e - a scroll of enchant weapon {unknown}
 i - 3 scrolls of teleportation {unknown}
 m - a scroll of identify {unknown}
Potions
 c - a potion of lignification
 g - a potion of curing {unknown}
 o - a potion of cancellation {unknown}
 p - a potion of might {unknown}
 q - a potion of brilliance {unknown}


   Skills:
 * Level 2.2 Fighting
 * Level 1.3 Armour
 * Level 2.5 Dodging
 - Level 3.1 Spellcasting
 - Level 2.0 Transmutations
 - Level 2.1 Evocations


You had 9 spell levels left.
You didn't know any spells.
Your spell library was empty.

Dungeon Overview and Level Annotations

Branches:
Dungeon (3/15)

Altars:
Nemelex Xobeh


Innate Abilities, Weirdness & Mutations

You have a pair of small horns on your head.


Message History

Your scale mail prevents you from hitting something.
You headbutt something. Something hits you but does no damage.
You closely miss something. Something completely misses you.
The orc throws a boomerang.
Aiming: Paralyse
Press: ? - help, Q - select action, (/) - cycle Shift-Dir - straight line, f - orc
Aim: an orc, wielding a +0 club and quivering boomerangs (chance to affect: 69%) Nothing appears to happen.
Something hits you but does no damage.
You barely miss something. Something hits you.
The orc throws a boomerang.
The boomerang closely misses you. Something hits you.
* * * LOW HITPOINT WARNING * * *
The orc throws a boomerang.
The boomerang hits you.
* * * LOW HITPOINT WARNING * * *
You barely miss something. You headbutt something.
Something hits you but does no damage.
The orc throws a boomerang.
The boomerang hits you but does no damage.
You barely miss something. You headbutt something.
Something hits you but does no damage.
You hear some strange, mumbled words.
A puff of flame appears from out of thin air!
The puff of flame hits you.
* * * LOW HITPOINT WARNING * * *
Aiming: Paralyse
Press: ? - help, Q - select action, (/) - cycle Shift-Dir - straight line, f/p - orc
Aim: an orc, wielding a +0 club and quivering boomerangs (chance to affect: 69%) Nothing appears to happen.
The orc throws a boomerang.
The boomerang completely misses you. Something hits you but does no damage.
Aiming: Paralyse
Press: ? - help, Q - select action, (/) - cycle Shift-Dir - straight line, f/p - orc
Aim: an orc, wielding a +0 club and quivering boomerangs (chance to affect: 69%) Nothing appears to happen.
You hear some strange, mumbled words.
Something tries to affect you, but you resist.
You miss something.
You hear some strange, mumbled words.
A magic dart appears from out of thin air!
The magic dart hits you.
You die...

.# .# .# .#### ....# ####
^<..#### #.. ### .......#
#.# ######....
.......###.#######..).....#
...###........([@{o.)# ...#
#.###.#######.#.# #..# #.#
#.# #..... #..# #[# #.#
###.### ...# #.# #.# .#
##.# #.# #.# .# #.# #.# #.#
.# #.# ... .#


You could see an orc.

Vanquished Creatures
  An adder (D:2)
  A worm (D:2)
  A leopard gecko (D:2)
  2 orcs (D:3)
  A ball python (D:2)
  4 bats
  4 giant cockroaches (D:1)
  5 goblins
  2 hobgoblins (D:2)
  7 jackals
  2 quokkas
  3 frilled lizards
  10 kobolds
  8 rats
51 creatures vanquished.

Vanquished Creatures (others)
  A kraken (D:1)
  An octopode (D:1)
  A gargoyle (D:1)
  A human (D:1)
  An ogre (D:1)
  5 tentacles (D:1)
10 creatures vanquished.

Grand Total: 61 creatures vanquished

Notes
Turn   | Place    | Note
-------+----------+-------------------------------------------
     0 | D:1      | Chiseanne the Demonspawn Wanderer began the quest for the
                  | Orb.
     0 | D:1      | Chiseanne set off with the following items: a +0 spear, a
                  | wand of paralysis (15), a potion of lignification, a +0
                  | robe
     0 | D:1      | Reached XP level 1. HP: 15/15 MP: 4/4
     0 | D:1      | Noticed an ogre
     0 | D:1      | Noticed a gargoyle
     0 | D:1      | Noticed a minotaur
     0 | D:1      | Noticed a human
     0 | D:1      | Noticed a centaur
     0 | D:1      | Noticed a dwarf
     0 | D:1      | Noticed a kraken
     0 | D:1      | Noticed a spriggan
     0 | D:1      | Noticed an octopode
     0 | D:1      | Noticed an octopode
     0 | D:1      | Noticed an octopode
     0 | D:1      | Noticed a human
     0 | D:1      | Noticed a ghoul
     2 | D:1      | Killed a human
     6 | D:1      | Killed a gargoyle
     6 | D:1      | Killed an octopode
     8 | D:1      | Killed an ogre
     8 | D:1      | Killed a kraken
   339 | D:1      | Gained mutation: You have a pair of small horns on your
                  | head. [demonic ancestry]
   339 | D:1      | Reached XP level 2. HP: 20/21 MP: 6/6
  1323 | D:2      | Reached XP level 3. HP: 24/27 MP: 7/7
  1526 | D:2      | Reached skill level 1 in Armour
  1997 | D:2      | Found a sparkling altar of Nemelex Xobeh.
  2296 | D:3      | Reached XP level 4. HP: 20/33 MP: 8/8
  2314 | D:3      | Killed from afar by an orc wizard

Illustrated notes

Levels and vault maps discovered:
D:1:      nicolae_arrival_kraken_aquarium_a, layout_basic
D:2:      layout_rooms, nemelex_lonely_heart_becter
D:3:      layout_loops_ring, portal_sewer_entry_b

Skill      XL: |  1  2  3 |
---------------+----------+-----
Transmutations | 2 |  2.0
Dodging        | 2 |  2.5
Armour         | 1 |  1.3
Fighting       | 2 |  2.2
Spellcasting   | |  3.1
Evocations     | |  2.1

Action                   |  1- 3 |  4- 6 || total
-------------------------+-------+-------++-------
Melee: Mace              |   165 |    11 ||   176
       Headbutt          |    14 |     4 ||    18
Evoke: Wand              |       |     3 ||     3
Armor: Robe              |    18 |       ||    18
       Scale mail        |    88 |     7 ||    95
Dodge: Dodged            |   135 |     7 ||   142

Table legend: (Time is in decaauts)
 A = Elapsed time spent in this place.
 B = Non-inter-level travel time spent in this place.
 C = Inter-level travel time spent in this place.
 D = Time resting spent in this place.
 E = Time spent auto-exploring this place.
 F = Levels seen in this place.
 G = Mean time per level.
                   A        B        C        D        E       F      G
               +--------+--------+--------+--------+--------+-----+--------+
         Total |   2383 |   2361 |     22 |    342 |   1615 |   3 |  794.3 |
       Dungeon |   2383 |   2361 |     22 |    342 |   1615 |   3 |  794.3 |
               +--------+--------+--------+--------+--------+-----+--------+

Top non-repeatable levels by time:
     D:1: 1345 daAuts
     D:2: 857 daAuts
     D:3: 179 daAuts
